 Dungeon Crawl Stone Soup version 0.23-a0-643-g9ccc95a (webtiles) character file.

29 MalarOregon the Chiller (level 3, -1/26 HPs)
             Began as a Merfolk Ice Elementalist on Dec 29, 2018.
             Slain by a gnoll
             ... wielding a +0 spear
              (10 damage)
             ... on level 1 of the Dungeon on Dec 31, 2018.
             The game lasted 00:18:04 (1481 turns).

MalarOregon the Chiller (Merfolk Ice Elementalist)  Turns: 1481, Time: 00:18:04

Health: -1/26      AC:  2    Str:  8    XL:     3   Next: 16%
Magic:  2/6        EV: 13    Int: 15    God:
Gold:   59         SH:  0    Dex: 14    Spells: 3/6 levels left

rFire    + . .     SeeInvis .   m - +0 short sword
rCold    x . .     Gourm    .   (no shield)
rNeg     . . .     Faith    .   a - +0 robe
rPois    .         Spirit   .   (no helmet)
rElec    .         Reflect  .   (no cloak)
rCorr    .         Harm     .   (no gloves)
MR       .....     Rnd*Tele +   (no boots)
Stlth    ++........             (no amulet)
HPRegen  0.08/turn              l - ring of fire
MPRegen  0.10/turn              q - ring of teleportation (curse)

@: very slightly contaminated
A: change form in water, swift swim, stealthy swim
a: no special abilities


You were on level 1 of the Dungeon.
You were hungry.

You visited 1 branch of the dungeon, and saw 1 of its levels.

You collected 59 gold pieces.

Inventory:

Hand Weapons
 m - a +0 short sword (weapon)
   (You took it off a kobold on level 1 of the Dungeon)
Missiles
 c - 4 stones (quivered)
 i - 9 poisoned needles
 j - 14 bolts
Armour
 a - a +0 robe (worn)
Jewellery
 l - a ring of fire (left hand)
   (You found it on level 1 of the Dungeon)
 q - a cursed ring of teleportation (right hand)
   (You found it on level 1 of the Dungeon)
Scrolls
 b - a scroll of enchant armour {unknown}
 d - a scroll of identify {@r1}
 k - a scroll of remove curse {unknown}
 p - a scroll of immolation {unknown}
Potions
 f - a potion of haste {unknown}
 g - 2 potions of curing {@q1}
 h - a potion of mutation {unknown}
 o - a potion of magic {unknown}
Comestibles
 e - a ration {!d}
 n - a chunk of flesh


   Skills:
 + Level 1.0 Fighting
 + Level 3.2 Dodging
 - Level 2.1 Stealth
 + Level 2.3 Spellcasting
 - Level 0.7 Conjurations
 * Level 3.9 Ice Magic


You had 3 spell levels left.
You knew the following spells:

 Your Spells              Type           Power        Failure   Level  Hunger
a - Freeze                Ice            ##..         4%          1    #......
x - Throw Frost           Conj/Ice       #.....       13%         2    ###....

Your spell library contained the following spells:

 Spells                   Type           Power        Failure   Level  Hunger
 Ozocubu's Armour         Chrm/Ice       #.......     28%         3    ###....
 Throw Icicle             Conj/Ice       #.......     63%         4    #####..
 Summon Ice Beast         Ice/Summ       #.......     67%         4    #####..


Dungeon Overview and Level Annotations

Branches:
Dungeon (1/15)

Altars:


Message History

It is a scroll of identify.
g - 2 potions of curing Your magical contamination has completely faded away.
The goblin is too close now for your liking.
The goblin shouts!
Aim: a goblin, wielding a +0 club You freeze the goblin.
The goblin hits you with a +0 club.
Aim: a goblin, wielding a +0 club (heavily wounded)
You freeze the goblin.
You kill the goblin!
Things that are here:
a +0 club; a goblin corpse You butcher the goblin corpse.
n - 2 chunks of flesh (gained 1)
Things that are here:
a +0 club; a goblin skeleton You start resting.
Some of the chunks of flesh in your inventory have rotted away.
You start resting.
There is a stone staircase leading down here.
Memorise Throw Frost, consuming 2 spell levels and leaving 3?
You start memorising the spell.
You continue memorising. x2
You finish memorising.
Spell assigned to 'x'.
The gnoll is too close now for your liking.
You can't see any susceptible monsters within range! (Use Z to cast anyway.)
Aim: a gnoll, wielding a +0 spear (hasn't noticed you)
The puff of frost hits the gnoll.
The gnoll shouts!
Aim: a gnoll, wielding a +0 spear (lightly wounded)
The puff of frost hits the gnoll.
Aim: a gnoll, wielding a +0 spear (heavily wounded)
The puff of frost misses the gnoll.
The gnoll closely misses you. The gnoll misses you.
You hit the gnoll. The gnoll misses you.
You hit the gnoll but do no damage. The gnoll hits you with a +0 spear!
You hit the gnoll. The gnoll hits you with a +0 spear!
* * * LOW HITPOINT WARNING * * *
The gnoll hits you from afar with a +0 spear.
* * * LOW HITPOINT WARNING * * *
You are feeling hungry.
The gnoll closely misses you.
Aim: a gnoll, wielding a +0 spear (severely wounded)
You miscast Throw Frost.
You are very lightly contaminated with residual magic.
Nothing appears to happen.
Aim: a gnoll, wielding a +0 spear (severely wounded)
You miscast Throw Frost.
You smell something strange.
The gnoll hits you from afar with a +0 spear!
You die...

#...............##........
###.............#...........
#........##.#...#.#....#####
#.##....###.#........#.# ##
##÷##....#.....#.#...#..####.
####..##...#..#.###.#.)...#.....
##........###.#..............####
#..###.##.##........#....##### ##
..###..# .......@.g....#.#######.
.##...###.##.....................
.#>(......................#######
†#....h...................#
....................#######
....................#
....................#
....................# ..(..l...
.....


You could see a gnoll.

Vanquished Creatures
  A dart slug (D:1)
  2 leopard geckos (D:1)
  3 bats (D:1)
  3 goblins (D:1)
  A hobgoblin (D:1)
  6 jackals (D:1)
  2 frilled lizards (D:1)
  3 kobolds (D:1)
  2 rats (D:1)
23 creatures vanquished.

Notes
Turn   | Place    | Note
-------+----------+-------------------------------------------
     0 | D:1      | MalarOregon the Merfolk Ice Elementalist began the quest
                  | for the Orb.
     0 | D:1      | Reached XP level 1. HP: 13/13 MP: 3/3
   110 | D:1      | Reached XP level 2. HP: 7/20 MP: 0/5
   428 | D:1      | HP: 1/20 [leopard gecko (5)]
   753 | D:1      | Upgraded the game from 0.23-a0-639-ga9a3373 to
                  | 0.23-a0-643-g9ccc95a
  1110 | D:1      | Reached skill level 1 in Fighting
  1139 | D:1      | Reached XP level 3. HP: 19/26 MP: 2/6
  1397 | D:1      | Learned a level 2 spell: Throw Frost
  1481 | D:1      | Slain by a gnoll

Vault maps used:
D:1:      nicolae_arrival_washed_ashore, moated_statue

Skill      XL: |  1  2 |
---------------+-------+-----
Dodging        | 3 |  3.2
Fighting       | 1 |  1.0
Stealth        | |  2.1
Spellcasting   | |  2.3
Conjurations   | |  0.7
Ice Magic      | |  3.9

Action                   || total
-------------------------++-------
Melee: Unarmed           ||    39
       Short sword       ||     9
       Dagger            ||     3
Throw: Stone             ||     5
 Cast: Freeze            ||    35
       Throw Frost       ||     3
  Use: Scroll            ||     2
  Eat: Chunk             ||     2
Armor: Robe              ||    34
Dodge: Dodged            ||    80

Table legend:
 A = Non-vault XP
 B = Vault XP
 C = Vault XP percentage of total XP
 D = Non-vault monster count
 E = Vault monster count
 F = Vault count percentage of total count
                 A         B        C        D         E       F
            +---------+---------+-------+---------+---------+-------
      Total |      42 |       0 |   0.0 |      23 |       0 |   0.0
            +---------+---------+-------+---------+---------+-------
        D:1 |      42 |       0 |   0.0 |      23 |       0 |   0.0
            +---------+---------+-------+---------+---------+-------
